 Dungeon Crawl Stone Soup version 0.28.0-53-g5a82cb258f (webtiles) character file.

Game seed: 10540275873203655281

3 VictoriousLee the Chiller (level 1, 0/13 HPs)
             Began as a Barachi Ice Elementalist on June 2, 2022.
             Slain by a frilled lizard (2 damage)
             ... on level 1 of the Dungeon.
             The game lasted 00:00:57 (44 turns).

VictoriousLee the Chiller (Barachi Ice Elementalist)  Turns: 44, Time: 00:00:58

Health: 0/13       AC:  2    Str:  9    XL:     1   Next: 50%
Magic:  0/3        EV: 12    Int: 15    God:
Gold:   0          SH:  0    Dex: 12    Spells: 3/4 levels left

rFire   . . .      SeeInvis .   c - +0 dagger
rCold   . . .      Faith    .   (no shield)
rNeg    . . .      Spirit   .   a - +0 robe
rPois   .          Reflect  .   (no helmet)
rElec   .          Harm     .   (no cloak)
rCorr   .          Rampage  .   (no gloves)
Will    .....                   (no boots)
Stlth   ++........              (no amulet)
HPRegen 0.04/turn               (no ring)
MPRegen 0.08/turn               (no ring)

@: slow
A: amphibious, slowness 1, strong legs 1, +LOS
a: Hop


You were on level 1 of the Dungeon.
You visited 1 branch of the dungeon, and saw 1 of its levels.

Inventory:

Hand Weapons
 c - a +0 dagger (weapon)
Missiles
 b - 9 stones
Armour
 a - a +0 robe (worn)


   Skills:
 - Level 2.1 Dodging
 - Level 1.7 Stealth
 * Level 2.4 Spellcasting
 + Level 4.9 Ice Magic


You had 3 spell levels left.
You knew the following spells:

 Your Spells              Type           Power      Damage    Failure   Level
a - Freeze                Ice            64%        1d8       2%          1

Your spell library contained the following spells:

 Spells                   Type           Power      Damage    Failure   Level
 Frozen Ramparts          Ice            32%        1d5       9%          3
 Ozocubu's Armour         Ice            16%        N/A       9%          3
 Hailstorm                Conj/Ice       9%         3d4       61%         4


Dungeon Overview and Level Annotations

Branches:
Dungeon (1/15)

Altars:

Shops:
D:1 :


Innate Abilities, Weirdness & Mutations

You are amphibious.
You cover ground slowly.
You can hop short distances.
You have an extended range of vision and can be seen from far away.


Message History

A hobgoblin comes into view.
The jackal barely misses you.
Unknown command.
The hobgoblin shouts!
You hear a shout!
The jackal closely misses you. The jackal bites you. The jackal misses you.
The jackal bites you but does no damage.
The jackal barely misses you.
Aiming: Freeze (safe; 3% risk of failure)
Press: ? - help, Q - select action, (/) - cycle Shift-Dir - straight line, f/p - jackal
Aim: a jackal (severely wounded)
You freeze the jackal.
You kill the jackal!
The jackal bites you.
You closely miss the jackal.
A hobgoblin comes into view.
The jackal bites you but does no damage.
Aiming: Freeze (safe; 3% risk of failure)
Press: ? - help, Q - select action, (/) - cycle Shift-Dir - straight line, f - jackal
Aim: a jackal You freeze the jackal!
You kill the jackal!
The hobgoblin shouts!
A hobgoblin breaks down the door.
The jackal misses you. The jackal barely misses you.
A hobgoblin opens the door.
You barely miss the jackal. The jackal barely misses you. The jackal bites you.
You hit the jackal but do no damage. The jackal bites you.
The jackal bites you.
You hit the jackal.
The jackal is moderately wounded.
A hobgoblin opens the door.
The jackal bites you.
* * * LOW HITPOINT WARNING * * *
You don't have enough magic to cast this spell.
You hit the jackal.
The jackal is almost dead.
The jackal bites you.
* * * LOW HITPOINT WARNING * * *
The frilled lizard bites you.
You die...

.##......... .##.##
........#.. ....## .
#........++++++.#..#####.#
#........+....+.........∩.
#........+..<.+....g...#.#
#.......+.)..+..........#
.......#..+....+...)...#
..#### ##.'lg+''.......#
#.@h..g†.#######
##########


You could see a jackal, 2 hobgoblins and a frilled lizard.

Vanquished Creatures
  2 jackals (D:1)
  A goblin (D:1)
3 creatures vanquished.

Notes
Turn   | Place    | Note
-------+----------+-------------------------------------------
     0 | D:1      | VictoriousLee the Barachi Ice Elementalist began the quest
                  | for the Orb.
     0 | D:1      | Reached XP level 1. HP: 13/13 MP: 3/3
    21 | D:1      | Found Wojauva's Book Boutique.
    44 | D:1      | Slain by a frilled lizard

Illustrated notes

Levels and vault maps discovered:
D:1:      lightli_arrival_maybe_door_vault, layout_rooms,
          shapermc_ecumenical_altar_acropolis, serial_shops,
          nicolae_shop_crystal, minivault_23, hangedman_decor_push

Action                   || total
-------------------------++-------
Melee: Dagger            ||     5
 Cast: Freeze            ||     4
Armor: Robe              ||     2
Dodge: Dodged            ||     7
